 Dungeon Crawl Stone Soup version 0.23.2-40-g277498a001 (webtiles) character file.

Game seed: 6049779182299510344

116 Descartes the Digger (level 5, 0/37 HPs)
             Began as a Formicid Earth Elementalist on Aug 25, 2019.
             Succumbed to Robin's poison
             ... on level 2 of the Dungeon.
             The game lasted 00:08:55 (3208 turns).

Descartes the Digger (Formicid Earth Elementalist)  Turns: 3208, Time: 00:08:56

Health: 0/37       AC:  6    Str: 14    XL:     5   Next: 21%
Magic:  2/9        EV: 12    Int: 14    God:
Gold:   102        SH:  0    Dex: 11    Spells: 3/9 levels left

rFire    . . .     SeeInvis +   g - +0 dagger
rCold    . . .     Gourm    .   (no shield)
rNeg     . . .     Faith    .   f - +0 leather armour
rPois    .         Spirit   .   (helmet unavailable)
rElec    .         Reflect  .   j - +2 cloak
rCorr    .         Harm     .   (no gloves)
MR       .....                  (no boots)
Stlth    ++........             (no amulet)
HPRegen  0.12/turn              (no ring)
MPRegen  0.11/turn              (no ring)

@: lethally poisoned (0 -> -24)
A: permanent stasis, dig shafts and tunnels, four strong arms, antennae 3
a: Dig, Shaft Self


You were on level 2 of the Dungeon.
You were not hungry.

You visited 1 branch of the dungeon, and saw 2 of its levels.

You collected 102 gold pieces.

Inventory:

Hand Weapons
 e - a +0 mace
 g - a +0 dagger (weapon)
 m - a +0 falchion
Missiles
 b - 32 stones (quivered)
 i - 19 arrows
Armour
 c - a +0 robe
 f - a +0 leather armour (worn)
 j - a +2 cloak (worn)
Scrolls
 h - a scroll of remove curse {unknown}
 k - 3 scrolls of teleportation {unknown}
 n - a scroll of identify {unknown}
Potions
 a - a potion of curing {unknown}
 l - a potion of flight {unknown}
Comestibles
 d - 7 rations


   Skills:
 + Level 1.2 Fighting
 - Level 0.3(0.5) Short Blades
 + Level 0.3(0.5) Long Blades
 + Level 1.4 Armour
 + Level 2.2 Dodging
 * Level 3.6 Stealth
 * Level 2.9 Spellcasting
 + Level 0.3 Conjurations
 + Level 1.4 Transmutations
 + Level 4.1 Earth Magic


You had 3 spell levels left.
You knew the following spells:

 Your Spells              Type           Power        Failure   Level  Hunger
a - Sandblast             Erth           ##....       4%          1    #......
b - Stone Arrow           Conj/Erth      #.....       32%         3    ###....
c - Passwall              Tmut/Erth      #.......     13%         2    ##.....

Your spell library contained the following spells:

 Spells                   Type           Power        Failure   Level  Hunger
 Petrify                  Tmut/Erth      #.......     63%         4    #####..
 Lee's Rapid Deconstruct  Erth           ##........   80%         5    ######.


Dungeon Overview and Level Annotations

Branches:
Dungeon (2/15)

Altars:
Cheibriados
Fedhas
Yredelemnul

Annotations:
D:2 Robin


Innate Abilities, Weirdness & Mutations

You cannot be hasted, slowed, berserked, paralysed or teleported.
You can dig through walls and to a lower floor.
Your four strong arms can wield two-handed weapons with a shield.
You have a pair of large antennae on your head. (SInv)


Message History

The goblin hits you but does no damage.
You hit Robin.
Robin is almost dead.
You feel sick.
The hobgoblin hits the withered plant but does no damage.
The hobgoblin completely misses you. Robin barely misses you.
The goblin hits you with a +2 dagger of electrocution.
You closely miss Robin.
Robin is almost dead.
You feel sick.
The hobgoblin completely misses the withered plant.
The hobgoblin hits you with a +0 club.
* * * LOW HITPOINT WARNING * * *
Robin hits you but does no damage.
You are more poisoned.
The goblin hits you but does no damage.
You are electrocuted!
* * * LOW HITPOINT WARNING * * *
You closely miss Robin.
Robin is almost dead.
You die...

#.............####
#............###
#..............#
##..........##.#
.##...#.....##.##
..#####.###..#..##
#.#####)# #......#
.)..#...# ##.P.Pg#
.....÷#### #.._g@#
###...)).# #.P.Pg#
##..##.###.^..g#
####..)...#####..#
..###.##..## ##.##
...##.##...### #..###
≈≈≈.#.##.....####...#
≈≈≈≈..###.##.{g.....#
≈.≈≈.##
#.#####g###...


You could see Robin, 2 hobgoblins and a goblin.

Vanquished Creatures
  A gnoll (D:1)
  3 adders
  3 oozes
  A worm (D:2)
  3 dart slugs
  A leopard gecko (D:1)
  7 bats
  3 giant cockroaches
  8 goblins
  8 hobgoblins
  4 jackals
  2 frilled lizards (D:1)
  6 kobolds
  7 rats
57 creatures vanquished.

Notes
Turn   | Place    | Note
-------+----------+-------------------------------------------
     0 | D:1      | Descartes the Formicid Earth Elementalist began the quest
                  | for the Orb.
     0 | D:1      | Reached XP level 1. HP: 13/13 MP: 3/3
   361 | D:1      | Reached XP level 2. HP: 8/20 MP: 5/5
   595 | D:1      | Reached XP level 3. HP: 18/25 MP: 6/6
   725 | D:1      | Reached skill level 1 in Armour
  1058 | D:1      | Reached skill level 1 in Fighting
  1403 | D:1      | Learned a level 3 spell: Stone Arrow
  1406 | D:1      | Learned a level 2 spell: Passwall
  1708 | D:1      | Reached XP level 4. HP: 32/32 MP: 5/7
  1943 | D:2      | Reached skill level 4 in Earth Magic
  2483 | D:2      | Reached XP level 5. HP: 20/37 MP: 6/9
  2646 | D:2      | Found a blossoming altar of Fedhas.
  2703 | D:2      | Found a snail-covered altar of Cheibriados.
  2837 | D:2      | Noticed Robin
  3181 | D:2      | Found a basalt altar of Yredelemnul.
  3208 | D:2      | Succumbed to Robin's poison

Skill      XL: |  1  2  3  4 |
---------------+-------------+-----
Dodging        | 2 |  2.2
Armour         | 1 |  1.4
Fighting       | 1 |  1.2
Stealth        | 3 |  3.6
Earth Magic    | 4 |  4.1
Short Blades   | |  0.3
Long Blades    | |  0.3
Spellcasting   | |  2.9
Conjurations   | |  0.3
Transmutations | |  1.4

Action                   |  1- 3 |  4- 6 || total
-------------------------+-------+-------++-------
Melee: Mace              |    39 |       ||    39
       Dagger            |    47 |   147 ||   194
 Cast: Sandblast         |    11 |    27 ||    38
       Stone Arrow       |       |     3 ||     3
 Abil: Dig               |     1 |       ||     1
 Stab: Sleeping          |     2 |     1 ||     3
  Eat: Chunk             |     2 |     6 ||     8
Armor: Robe              |     6 |       ||     6
       Leather armour    |    21 |    76 ||    97
Dodge: Dodged            |    73 |   129 ||   202
